cohdb
Replays
Latest Replays
All Replays
Popular Replays
Top Player Replays
Match Explorer
How It Works
Community
CoH3 Stats
Reddit
Sign in to upload your games and track your stats! →
Sign in with Steam
Match 39708341
Unlisted
Match 39708341
Overview
Messages
Build Orders
End
Construct Infanterie Kompanie
Grenadier Squad
GrW 34 Mortar Team
MG 42 Machine Gun Team
Selects Luftwaffe Battlegroup
Selects Luftwaffe Pioneer Support
Construct Luftwaffe Kompanie
Fallschirmpioneer Squad Paradrop
Jäger Squad
Selects Reconnaissance Run
Support Elements
Jäger Squad
insane
MRDooM3
Revolution
Getmeout
Dildo Inspector
Contact Mike
Lost
PH0BB05
0
0
Comments
sign in to comment!
No comments posted yet!